[ AOE2 MATCH · #487209958 ]
UnrankedChinese vs Khmer
[ REPLAY ANALYSIS · EXTRACTED FROM THE RECORDED GAME ]
Feudal
11:06
Castle
22:38
Imperial
—
| APM avg | 75.1 |
| APM peak | 113 |
| eAPM avg | 25.1 |
| Villagers / military | 97 / 75 |
Focus
⚔️ 40.2% · 🌾 59.8%
Archer ×72 · Spearman ×3
Feudal
12:20
Castle
16:15
Imperial
—
| APM avg | 56.7 |
| APM peak | 158 |
| eAPM avg | 31.9 |
| Villagers / military | 123 / 46 |
Focus
⚔️ 44.6% · 🌾 55.4%
Knight ×43 · Monk ×2 · Scout Cavalry ×1
Feudal
11:43
Castle
26:53
Imperial
—
| APM avg | 48.8 |
| APM peak | 101 |
| eAPM avg | 22.9 |
| Villagers / military | 76 / 68 |
Focus
⚔️ 20.1% · 🌾 79.9%
Knight ×54 · Scout Cavalry ×14
Feudal
12:23
Castle
19:06
Imperial
—
| APM avg | 47.4 |
| APM peak | 92 |
| eAPM avg | 16.2 |
| Villagers / military | 70 / 64 |
Focus
⚔️ 33.9% · 🌾 66.1%
Chu Ko Nu ×61 · Spearman ×2 · Iron Pagoda ×1
Match map
Initial resources + every placement click. Lines = walls · curves = elevation contours. ◆ gold · ⬟ stone · ● berries · ✦ relic · ◌ wall gap
Your base· Open — unwalled flank
|FMG| TINCHO's base· Open — 10t gap
Marcusscus's base· Open — 13t gap
CARAVEO's base· Open — unwalled flank
Smoothed initial terrain · ◌ = detected wall gap · hover for details
Inputs per minute
— FMG | Rxon - - |FMG| TINCHO
Build order — FMG | Rxon
First 150 of 271 actions detected
| 0:55 | Build | Town Center |
| 2:32 | Research | Loom |
| 3:01 | Create | Villager (Male) |
| 3:01 | Create | Villager (Male) |
| 3:22 | Create | Villager (Male) |
| 3:43 | Create | Villager (Male) |
| 4:07 | Create | Villager (Male) |
| 4:07 | Create | Villager (Male) |
| 4:31 | Create | Villager (Male) |
| 4:38 | Create | Villager (Male) |
| 5:00 | Create | Villager (Male) |
| 5:11 | Create | Villager (Male) |
| 5:30 | Build | House |
| 5:34 | Create | Villager (Male) |
| 5:49 | Create | Villager (Male) |
| 6:09 | Build | House |
| 6:14 | Build | Lumber Camp |
| 6:39 | Create | Villager (Male) |
| 6:47 | Create | Villager (Male) |
| 7:56 | Create | Villager (Male) |
| 8:23 | Create | Villager (Male) |
| 8:39 | Build | Mill |
| 8:56 | Research | Feudal Age |
| 9:59 | Build | Barracks |
| 10:03 | Build | House |
| 11:01 | Create | Villager (Male) |
| 11:06 | Age | Feudal Age |
| 11:08 | Build | Archery Range |
| 11:25 | Create | Villager (Male) |
| 11:37 | Build | House |
| 11:47 | Create | Archer |
| 11:49 | Create | Villager (Male) |
| 12:12 | Create | Villager (Male) |
| 12:14 | Create | Archer |
| 12:19 | Build | Blacksmith |
| 12:38 | Create | Villager (Male) |
| 12:54 | Create | Archer |
| 12:55 | Create | Villager (Male) |
| 13:07 | Research | Fletching |
| 13:07 | Create | Archer |
| 13:09 | Build | House |
| 13:15 | Build | Mining Camp |
| 13:24 | Create | Archer |
| 13:36 | Create | Spearman |
| 13:38 | Create | Villager (Male) |
| 13:59 | Create | Villager (Male) |
| 14:16 | Create | Spearman |
| 14:18 | Build | House |
| 14:24 | Build | Mill |
| 14:28 | Create | Villager (Male) |
| 14:29 | Create | Archer |
| 14:31 | Build | Palisade Wall |
| 14:39 | Build | House |
| 14:57 | Create | Spearman |
| 14:58 | Create | Archer |
| 15:04 | Create | Villager (Male) |
| 15:16 | Build | Farm |
| 15:36 | Create | Archer |
| 15:36 | Create | Villager (Male) |
| 15:38 | Build | House |
| 15:59 | Create | Villager (Male) |
| 16:07 | Build | Market |
| 16:14 | Create | Archer |
| 16:16 | Create | Villager (Male) |
| 16:36 | Build | Farm |
| 16:42 | Create | Archer |
| 16:49 | Create | Villager (Male) |
| 16:52 | Build | House |
| 17:05 | Build | Farm |
| 17:06 | Research | Double-Bit Axe |
| 17:16 | Create | Villager (Male) |
| 17:24 | Build | House |
| 17:42 | Create | Villager (Male) |
| 17:54 | Build | Farm |
| 17:55 | Build | Farm |
| 18:13 | Create | Villager (Male) |
| 18:39 | Create | Villager (Male) |
| 19:07 | Build | Lumber Camp |
| 19:24 | Create | Villager (Male) |
| 19:58 | Research | Castle Age |
| 20:11 | Build | Farm |
| 20:24 | Build | Mill |
| 20:54 | Build | Mill |
| 20:56 | Create | Archer |
| 21:07 | Build | Archery Range |
| 21:26 | Create | Villager (Male) |
| 21:30 | Research | Padded Archer Armor |
| 21:30 | Research | Padded Archer Armor |
| 21:50 | Build | Farm |
| 21:59 | Create | Archer |
| 22:02 | Create | Archer |
| 22:05 | Build | House |
| 22:38 | Age | Castle Age |
| 22:39 | Research | Crossbowman (upgrade) |
| 22:39 | Research | Bodkin Arrow |
| 22:40 | Create | Villager (Male) |
| 22:45 | Build | Town Center |
| 22:51 | Create | Villager (Male) |
| 22:55 | Create | Archer |
| 23:00 | Research | Bow Saw |
| 23:15 | Create | Archer |
| 23:21 | Create | Villager (Male) |
| 23:23 | Create | Archer |
| 23:39 | Build | House |
| 23:42 | Create | Villager (Male) |
| 24:01 | Create | Villager (Male) |
| 24:13 | Create | Villager (Male) |
| 24:14 | Build | House |
| 24:23 | Create | Villager (Male) |
| 24:26 | Research | Wheelbarrow |
| 24:41 | Create | Archer |
| 24:41 | Create | Archer |
| 24:44 | Create | Villager (Male) |
| 25:09 | Create | Villager (Male) |
| 25:10 | Build | University |
| 25:12 | Create | Villager (Male) |
| 25:15 | Build | House |
| 25:47 | Build | House |
| 25:51 | Build | Town Center |
| 25:58 | Create | Villager (Male) |
| 26:02 | Research | Ballistics |
| 26:09 | Build | Mining Camp |
| 26:13 | Create | Villager (Male) |
| 26:21 | Create | Archer |
| 26:31 | Create | Villager (Male) |
| 26:40 | Build | House |
| 26:47 | Create | Archer |
| 26:48 | Create | Villager (Male) |
| 26:52 | Research | Horse Collar |
| 26:55 | Build | Farm |
| 26:58 | Create | Villager (Male) |
| 26:59 | Create | Archer |
| 27:05 | Build | Mill |
| 27:33 | Create | Villager (Male) |
| 27:34 | Create | Archer |
| 27:34 | Create | Archer |
| 27:40 | Create | Villager (Male) |
| 27:40 | Create | Archer |
| 27:41 | Create | Villager (Male) |
| 27:42 | Create | Villager (Male) |
| 27:57 | Build | Farm |
| 27:58 | Build | House |
| 28:01 | Create | Villager (Male) |
| 28:04 | Build | Mining Camp |
| 28:08 | Create | Archer |
| 28:08 | Create | Archer |
| 28:12 | Build | Archery Range |
| 28:13 | Build | Farm |
| 28:15 | Build | Farm |
| 28:16 | Create | Villager (Male) |
Build order — |FMG| TINCHO
First 150 of 318 actions detected
| 0:38 | Build | Town Center |
| 2:29 | Build | House |
| 2:40 | Create | Villager (Male) |
| 2:40 | Create | Villager (Male) |
| 2:41 | Create | Villager (Male) |
| 2:42 | Create | Villager (Male) |
| 2:42 | Create | Villager (Male) |
| 3:30 | Create | Villager (Male) |
| 4:14 | Create | Villager (Male) |
| 4:37 | Create | Villager (Male) |
| 4:37 | Create | Villager (Male) |
| 4:52 | Build | House |
| 5:03 | Create | Villager (Male) |
| 5:26 | Create | Villager (Male) |
| 5:32 | Build | Lumber Camp |
| 6:00 | Create | Villager (Male) |
| 6:24 | Create | Villager (Male) |
| 6:25 | Create | Villager (Male) |
| 6:33 | Build | House |
| 6:44 | Create | Villager (Male) |
| 7:00 | Create | Villager (Male) |
| 7:02 | Build | House |
| 7:10 | Create | Villager (Male) |
| 7:23 | Build | Mill |
| 7:36 | Create | Villager (Male) |
| 7:54 | Create | Villager (Male) |
| 8:03 | Build | Palisade Wall |
| 8:05 | Build | Palisade Wall |
| 8:07 | Build | Palisade Wall |
| 8:07 | Build | Palisade Wall |
| 8:12 | Build | House |
| 9:00 | Create | Villager (Male) |
| 9:39 | Create | Villager (Male) |
| 9:54 | Build | House |
| 10:09 | Research | Feudal Age |
| 10:53 | Create | Villager (Male) |
| 10:54 | Research | Loom |
| 11:07 | Build | Barracks |
| 11:08 | Build | Palisade Wall |
| 12:20 | Age | Feudal Age |
| 12:22 | Build | Stable |
| 12:40 | Create | Villager (Male) |
| 12:55 | Build | Blacksmith |
| 13:19 | Research | Castle Age |
| 13:29 | Build | Palisade Wall |
| 13:56 | Research | Double-Bit Axe |
| 14:02 | Build | House |
| 14:28 | Build | House |
| 14:35 | Build | Palisade Wall |
| 14:36 | Build | Palisade Wall |
| 14:40 | Create | Villager (Male) |
| 15:15 | Research | Scale Barding Armor |
| 15:36 | Build | Palisade Wall |
| 15:38 | Build | Palisade Wall |
| 15:42 | Build | Palisade Wall |
| 15:42 | Build | Palisade Wall |
| 16:15 | Age | Castle Age |
| 16:21 | Create | Knight |
| 16:26 | Build | House |
| 16:28 | Build | House |
| 16:33 | Create | Villager (Male) |
| 16:39 | Create | Knight |
| 16:44 | Build | Farm |
| 16:53 | Build | Mill |
| 17:00 | Create | Villager (Male) |
| 17:03 | Build | Market |
| 17:09 | Research | Horse Collar |
| 17:12 | Build | Farm |
| 17:46 | Create | Villager (Male) |
| 17:58 | Build | Palisade Wall |
| 18:00 | Build | Palisade Wall |
| 18:01 | Build | Palisade Wall |
| 18:20 | Create | Villager (Male) |
| 18:29 | Create | Knight |
| 18:38 | Build | Farm |
| 18:44 | Build | Farm |
| 18:47 | Create | Knight |
| 19:06 | Build | Farm |
| 19:16 | Create | Villager (Male) |
| 19:49 | Create | Villager (Male) |
| 20:05 | Create | Villager (Male) |
| 20:08 | Build | Town Center |
| 20:16 | Create | Villager (Male) |
| 20:18 | Create | Villager (Male) |
| 20:43 | Create | Villager (Male) |
| 20:43 | Create | Knight |
| 21:15 | Create | Villager (Male) |
| 21:18 | Build | Farm |
| 21:24 | Create | Villager (Male) |
| 21:27 | Create | Villager (Male) |
| 21:50 | Create | Villager (Male) |
| 22:00 | Create | Villager (Male) |
| 22:19 | Build | Town Center |
| 22:20 | Create | Villager (Male) |
| 22:26 | Create | Villager (Male) |
| 22:28 | Create | Villager (Male) |
| 22:32 | Build | Farm |
| 22:37 | Research | Bow Saw |
| 22:42 | Research | Bloodlines |
| 22:42 | Research | Bloodlines |
| 22:51 | Create | Villager (Male) |
| 22:53 | Build | House |
| 23:06 | Create | Villager (Male) |
| 23:15 | Research | Town Watch |
| 23:28 | Build | Farm |
| 23:31 | Create | Villager (Male) |
| 23:37 | Create | Villager (Male) |
| 23:39 | Build | House |
| 23:44 | Create | Villager (Male) |
| 23:46 | Create | Villager (Male) |
| 23:47 | Create | Villager (Male) |
| 23:54 | Build | Farm |
| 24:04 | Create | Villager (Male) |
| 24:14 | Research | Husbandry |
| 24:16 | Create | Villager (Male) |
| 24:22 | Create | Villager (Male) |
| 24:29 | Create | Villager (Male) |
| 24:32 | Build | Farm |
| 24:34 | Build | Farm |
| 24:39 | Create | Knight |
| 24:41 | Create | Villager (Male) |
| 24:53 | Create | Villager (Male) |
| 25:05 | Create | Villager (Male) |
| 25:07 | Build | Farm |
| 25:10 | Build | Farm |
| 25:21 | Create | Villager (Male) |
| 25:43 | Create | Villager (Male) |
| 25:45 | Build | Monastery |
| 25:49 | Build | House |
| 25:52 | Research | Wheelbarrow |
| 26:01 | Create | Villager (Male) |
| 26:15 | Create | Monk |
| 26:27 | Build | Town Center |
| 26:27 | Create | Villager (Male) |
| 26:34 | Build | Mining Camp |
| 26:39 | Create | Villager (Male) |
| 26:46 | Build | House |
| 26:47 | Build | House |
| 26:47 | Build | House |
| 26:48 | Build | House |
| 26:51 | Create | Villager (Male) |
| 26:56 | Create | Villager (Male) |
| 27:04 | Create | Villager (Male) |
| 27:12 | Build | Farm |
| 27:15 | Build | Farm |
| 27:19 | Create | Villager (Male) |
| 27:25 | Create | Villager (Male) |
| 27:26 | Research | Gold Mining |
| 27:28 | Create | Villager (Male) |
| 27:29 | Create | Villager (Male) |
Build order — Marcusscus
First 150 of 234 actions detected
| 0:23 | Build | Town Center |
| 1:37 | Build | House |
| 2:32 | Create | Villager (Male) |
| 2:32 | Create | Villager (Male) |
| 2:33 | Create | Villager (Male) |
| 2:33 | Create | Villager (Male) |
| 2:33 | Create | Villager (Male) |
| 3:26 | Create | Villager (Male) |
| 4:02 | Build | House |
| 4:07 | Create | Villager (Male) |
| 4:07 | Create | Villager (Male) |
| 4:25 | Build | Lumber Camp |
| 4:31 | Create | Villager (Male) |
| 4:31 | Create | Villager (Male) |
| 5:15 | Build | House |
| 5:37 | Create | Villager (Male) |
| 5:49 | Create | Villager (Male) |
| 5:53 | Create | Villager (Male) |
| 5:53 | Create | Villager (Male) |
| 6:06 | Build | House |
| 6:14 | Create | Villager (Male) |
| 6:15 | Create | Villager (Male) |
| 7:16 | Create | Villager (Male) |
| 7:16 | Create | Villager (Male) |
| 7:50 | Create | Villager (Male) |
| 8:16 | Create | Villager (Male) |
| 8:18 | Create | Villager (Male) |
| 9:04 | Create | Villager (Male) |
| 9:33 | Research | Feudal Age |
| 10:13 | Build | House |
| 11:43 | Age | Feudal Age |
| 11:46 | Build | Stable |
| 11:48 | Build | Stable |
| 11:51 | Build | House |
| 11:53 | Create | Villager (Male) |
| 11:54 | Research | Loom |
| 12:12 | Build | Mill |
| 12:36 | Create | Villager (Male) |
| 12:40 | Create | Scout Cavalry |
| 12:44 | Build | House |
| 12:46 | Create | Scout Cavalry |
| 12:46 | Create | Scout Cavalry |
| 13:03 | Build | House |
| 13:05 | Create | Villager (Male) |
| 13:05 | Create | Villager (Male) |
| 13:06 | Create | Scout Cavalry |
| 13:06 | Create | Scout Cavalry |
| 13:11 | Build | Blacksmith |
| 13:24 | Build | Farm |
| 13:28 | Build | House |
| 13:40 | Create | Scout Cavalry |
| 13:40 | Create | Scout Cavalry |
| 13:40 | Create | Scout Cavalry |
| 13:41 | Create | Villager (Male) |
| 14:02 | Build | Farm |
| 14:03 | Create | Villager (Male) |
| 14:03 | Create | Villager (Male) |
| 14:06 | Build | House |
| 14:23 | Create | Villager (Male) |
| 14:48 | Create | Scout Cavalry |
| 14:55 | Build | House |
| 14:56 | Create | Villager (Male) |
| 15:15 | Build | Farm |
| 15:16 | Build | Farm |
| 15:17 | Create | Villager (Male) |
| 15:29 | Build | House |
| 15:35 | Build | Farm |
| 16:05 | Build | Farm |
| 16:05 | Create | Villager (Male) |
| 16:06 | Create | Villager (Male) |
| 16:08 | Build | Farm |
| 16:13 | Build | House |
| 16:14 | Create | Villager (Male) |
| 16:26 | Create | Scout Cavalry |
| 16:26 | Create | Scout Cavalry |
| 16:42 | Create | Scout Cavalry |
| 16:42 | Create | Scout Cavalry |
| 17:00 | Build | Farm |
| 17:36 | Create | Scout Cavalry |
| 17:53 | Build | House |
| 17:56 | Build | House |
| 18:00 | Build | House |
| 18:13 | Create | Villager (Male) |
| 18:13 | Create | Villager (Male) |
| 18:27 | Build | House |
| 18:36 | Build | House |
| 18:47 | Research | Scale Barding Armor |
| 18:48 | Research | Forging |
| 18:57 | Build | Farm |
| 18:58 | Build | Farm |
| 18:58 | Build | Farm |
| 18:58 | Build | Farm |
| 18:58 | Build | Farm |
| 19:00 | Create | Villager (Male) |
| 19:05 | Build | House |
| 19:08 | Build | House |
| 19:19 | Create | Villager (Male) |
| 19:19 | Create | Villager (Male) |
| 19:57 | Create | Villager (Male) |
| 19:59 | Build | Farm |
| 20:01 | Build | Farm |
| 20:03 | Build | Farm |
| 20:22 | Build | Market |
| 20:26 | Research | Horse Collar |
| 20:33 | Build | House |
| 20:40 | Build | Palisade Wall |
| 20:46 | Build | Palisade Wall |
| 20:50 | Build | House |
| 21:45 | Create | Villager (Male) |
| 22:02 | Create | Villager (Male) |
| 22:20 | Build | Palisade Wall |
| 22:37 | Create | Villager (Male) |
| 22:38 | Create | Villager (Male) |
| 22:42 | Build | Farm |
| 22:57 | Build | Farm |
| 22:59 | Build | Farm |
| 23:09 | Build | Farm |
| 23:28 | Build | Farm |
| 23:31 | Create | Villager (Male) |
| 24:09 | Build | Farm |
| 24:13 | Research | Castle Age |
| 24:37 | Research | Bloodlines |
| 24:46 | Research | Double-Bit Axe |
| 25:06 | Create | Villager (Male) |
| 25:45 | Build | Stable |
| 26:08 | Create | Villager (Male) |
| 26:17 | Create | Villager (Male) |
| 26:41 | Create | Villager (Male) |
| 26:51 | Build | House |
| 26:53 | Age | Castle Age |
| 26:58 | Research | Chain Barding Armor |
| 27:01 | Research | Wheelbarrow |
| 27:06 | Research | Husbandry |
| 27:09 | Create | Knight |
| 27:09 | Create | Knight |
| 27:09 | Create | Knight |
| 27:09 | Create | Knight |
| 27:09 | Create | Knight |
| 27:15 | Create | Villager (Male) |
| 27:17 | Build | Farm |
| 27:35 | Create | Villager (Male) |
| 27:41 | Create | Knight |
| 27:49 | Create | Villager (Male) |
| 28:01 | Create | Villager (Male) |
| 28:03 | Build | House |
| 28:05 | Build | House |
| 28:07 | Create | Knight |
| 28:07 | Create | Knight |
| 28:07 | Create | Knight |
| 28:28 | Create | Knight |
Build order — CARAVEO
First 150 of 186 actions detected
| 0:16 | Build | Town Center |
| 1:38 | Build | House |
| 2:33 | Research | Loom |
| 3:26 | Create | Villager (Male) |
| 3:27 | Create | Villager (Male) |
| 4:01 | Create | Villager (Male) |
| 4:26 | Create | Villager (Male) |
| 4:27 | Create | Villager (Male) |
| 4:27 | Create | Villager (Male) |
| 4:27 | Create | Villager (Male) |
| 4:51 | Create | Villager (Male) |
| 4:51 | Create | Villager (Male) |
| 4:52 | Create | Villager (Male) |
| 5:40 | Build | Lumber Camp |
| 5:46 | Create | Villager (Male) |
| 5:46 | Create | Villager (Male) |
| 5:51 | Create | Villager (Male) |
| 5:51 | Create | Villager (Male) |
| 5:51 | Create | Villager (Male) |
| 5:51 | Create | Villager (Male) |
| 6:35 | Create | Villager (Male) |
| 7:33 | Build | House |
| 7:45 | Create | Villager (Male) |
| 7:57 | Create | Villager (Male) |
| 8:01 | Build | Mill |
| 8:15 | Build | House |
| 8:22 | Create | Villager (Male) |
| 9:01 | Build | Palisade Wall |
| 9:13 | Create | Villager (Male) |
| 9:39 | Create | Villager (Male) |
| 10:07 | Build | House |
| 10:13 | Research | Feudal Age |
| 11:06 | Build | Mining Camp |
| 11:19 | Build | Barracks |
| 12:17 | Build | Palisade Wall |
| 12:23 | Age | Feudal Age |
| 12:33 | Create | Villager (Male) |
| 12:39 | Build | Blacksmith |
| 12:41 | Create | Villager (Male) |
| 13:05 | Create | Villager (Male) |
| 13:27 | Create | Villager (Male) |
| 13:44 | Build | House |
| 13:48 | Build | House |
| 13:49 | Build | Palisade Wall |
| 13:51 | Build | Palisade Wall |
| 14:04 | Create | Villager (Male) |
| 14:11 | Create | Spearman |
| 14:12 | Create | Spearman |
| 14:19 | Build | Farm |
| 14:21 | Build | Farm |
| 14:49 | Create | Villager (Male) |
| 15:04 | Build | Market |
| 15:09 | Create | Villager (Male) |
| 15:33 | Build | Farm |
| 15:38 | Create | Villager (Male) |
| 15:49 | Build | Palisade Wall |
| 15:53 | Build | Palisade Wall |
| 16:06 | Build | Farm |
| 16:07 | Create | Villager (Male) |
| 16:26 | Research | Castle Age |
| 17:33 | Build | Palisade Wall |
| 18:27 | Build | Mining Camp |
| 19:06 | Age | Castle Age |
| 19:08 | Create | Villager (Male) |
| 19:08 | Create | Villager (Male) |
| 19:09 | Create | Villager (Male) |
| 19:24 | Build | Castle |
| 19:32 | Create | Villager (Male) |
| 19:40 | Build | Lumber Camp |
| 19:49 | Research | Fletching |
| 20:22 | Build | Lumber Camp |
| 20:31 | Create | Chu Ko Nu |
| 20:32 | Create | Chu Ko Nu |
| 20:54 | Create | Chu Ko Nu |
| 20:54 | Create | Chu Ko Nu |
| 20:54 | Create | Chu Ko Nu |
| 21:14 | Create | Chu Ko Nu |
| 21:14 | Create | Chu Ko Nu |
| 21:14 | Create | Chu Ko Nu |
| 21:28 | Create | Chu Ko Nu |
| 21:33 | Create | Villager (Male) |
| 21:44 | Create | Chu Ko Nu |
| 21:44 | Create | Chu Ko Nu |
| 22:09 | Research | Double-Bit Axe |
| 22:19 | Create | Chu Ko Nu |
| 22:26 | Create | Villager (Male) |
| 22:30 | Create | Chu Ko Nu |
| 22:30 | Create | Chu Ko Nu |
| 22:31 | Create | Chu Ko Nu |
| 22:31 | Create | Chu Ko Nu |
| 22:46 | Create | Chu Ko Nu |
| 22:47 | Create | Chu Ko Nu |
| 22:47 | Create | Chu Ko Nu |
| 22:47 | Create | Chu Ko Nu |
| 22:47 | Create | Chu Ko Nu |
| 22:57 | Create | Chu Ko Nu |
| 22:57 | Create | Chu Ko Nu |
| 22:57 | Create | Chu Ko Nu |
| 23:23 | Create | Chu Ko Nu |
| 23:23 | Create | Chu Ko Nu |
| 23:25 | Research | Padded Archer Armor |
| 23:29 | Create | Villager (Male) |
| 23:47 | Build | Farm |
| 23:49 | Build | Farm |
| 24:07 | Build | Farm |
| 24:11 | Create | Chu Ko Nu |
| 24:14 | Build | Farm |
| 24:16 | Build | Farm |
| 24:17 | Create | Villager (Male) |
| 24:50 | Build | University |
| 25:56 | Create | Villager (Male) |
| 25:56 | Create | Villager (Male) |
| 25:56 | Create | Villager (Male) |
| 25:56 | Create | Villager (Male) |
| 26:04 | Create | Villager (Male) |
| 26:04 | Create | Villager (Male) |
| 26:04 | Create | Villager (Male) |
| 26:22 | Create | Villager (Male) |
| 26:40 | Create | Villager (Male) |
| 26:59 | Create | Villager (Male) |
| 27:36 | Create | Chu Ko Nu |
| 27:36 | Create | Chu Ko Nu |
| 27:36 | Create | Chu Ko Nu |
| 27:36 | Create | Chu Ko Nu |
| 27:37 | Create | Chu Ko Nu |
| 27:37 | Create | Chu Ko Nu |
| 27:37 | Create | Chu Ko Nu |
| 27:50 | Create | Villager (Male) |
| 27:50 | Create | Villager (Male) |
| 28:05 | Create | Villager (Male) |
| 28:14 | Research | Bodkin Arrow |
| 28:17 | Create | Chu Ko Nu |
| 28:19 | Create | Villager (Male) |
| 28:20 | Create | Villager (Male) |
| 28:21 | Build | Farm |
| 29:21 | Create | Chu Ko Nu |
| 29:21 | Create | Chu Ko Nu |
| 29:22 | Create | Chu Ko Nu |
| 29:22 | Create | Chu Ko Nu |
| 29:22 | Create | Chu Ko Nu |
| 29:22 | Create | Chu Ko Nu |
| 29:24 | Create | Villager (Male) |
| 29:24 | Create | Villager (Male) |
| 29:24 | Create | Villager (Male) |
| 29:24 | Create | Villager (Male) |
| 29:37 | Create | Villager (Male) |
| 29:51 | Create | Villager (Male) |
| 30:46 | Create | Chu Ko Nu |
| 30:46 | Create | Chu Ko Nu |
| 30:47 | Create | Chu Ko Nu |
Match timeline
| 8:03 | |FMG| TINCHO · wall_segment Palisade Wall x1 |
| 8:05 | |FMG| TINCHO · wall_segment Palisade Wall x1 |
| 8:07 | |FMG| TINCHO · wall_segment Palisade Wall x1 |
| 8:07 | |FMG| TINCHO · wall_segment Palisade Wall x1 |
| 9:01 | CARAVEO · wall_segment Palisade Wall x16 |
| 9:59 | FMG | Rxon · first_building Barracks |
| 11:06 | FMG | Rxon · age_up feudal |
| 11:07 | |FMG| TINCHO · first_building Barracks |
| 11:08 | |FMG| TINCHO · wall_segment Palisade Wall x1 |
| 11:08 | FMG | Rxon · first_building Archery Range |
| 11:19 | CARAVEO · first_building Barracks |
| 11:43 | Marcusscus · age_up feudal |
| 11:46 | Marcusscus · first_building Stable |
| 12:17 | CARAVEO · wall_segment Palisade Wall x4 |
| 12:20 | |FMG| TINCHO · age_up feudal |
| 12:22 | |FMG| TINCHO · first_building Stable |
| 12:23 | CARAVEO · age_up feudal |
| 13:29 | |FMG| TINCHO · wall_segment Palisade Wall x1 |
| 13:49 | CARAVEO · wall_segment Palisade Wall x1 |
| 13:51 | CARAVEO · wall_segment Palisade Wall x3 |
| 14:31 | FMG | Rxon · wall_segment Palisade Wall x1 |
| 14:35 | |FMG| TINCHO · wall_segment Palisade Wall x4 |
| 14:36 | |FMG| TINCHO · wall_segment Palisade Wall x1 |
| 15:36 | |FMG| TINCHO · wall_segment Palisade Wall x1 |
| 15:38 | |FMG| TINCHO · wall_segment Palisade Wall x1 |
| 15:42 | |FMG| TINCHO · wall_segment Palisade Wall x1 |
| 15:42 | |FMG| TINCHO · wall_segment Palisade Wall x1 |
| 15:49 | CARAVEO · wall_segment Palisade Wall x2 |
| 15:53 | CARAVEO · wall_segment Palisade Wall x5 |
| 16:15 | |FMG| TINCHO · age_up castle |
| 16:24 | CARAVEO · first_market_buy 100 food |
| 17:33 | CARAVEO · wall_segment Palisade Wall x3 |
| 17:58 | |FMG| TINCHO · wall_segment Palisade Wall x1 |
| 18:00 | |FMG| TINCHO · wall_segment Palisade Wall x1 |
| 18:01 | |FMG| TINCHO · wall_segment Palisade Wall x1 |
| 18:22 | FMG | Rxon · first_market_buy 100 food |
| 18:28 | |FMG| TINCHO · first_market_buy 100 food |
| 18:45 | FMG | Rxon · first_market_sell 100 wood |
| 18:59 | CARAVEO · first_market_sell 100 food |
| 19:06 | CARAVEO · age_up castle |
| 19:24 | CARAVEO · first_building Castle |
| 20:40 | Marcusscus · wall_segment Palisade Wall x1 |
| 20:46 | Marcusscus · wall_segment Palisade Wall x1 |
| 21:22 | Marcusscus · first_market_sell 100 wood |
| 22:20 | Marcusscus · wall_segment Palisade Wall x4 |
| 22:38 | FMG | Rxon · age_up castle |
| 23:35 | Marcusscus · first_market_buy 100 food |
| 25:45 | |FMG| TINCHO · first_building Monastery |
| 26:53 | Marcusscus · age_up castle |
| 28:44 | |FMG| TINCHO · wall_segment Palisade Wall x1 |
| 32:35 | CARAVEO · first_building Siege Workshop |
| 34:12 | Marcusscus · wall_segment Palisade Wall x9 |
| 34:59 | FMG | Rxon · first_building Castle |
| 35:17 | CARAVEO · resign |
[ AI ANALYSIS · 1 CREDIT ]
What really happened in this match?
Wolo.gg analyzes every decision: build order, eco, micro, common mistakes by bracket. Personalized analysis on WhatsApp or Discord in 30 seconds.
Civ guide
Chinese
Perfil
Jugador #1780624